AoeStats
← 布丁

Arena

505457233Analyzed
4v4 RM · 22d ago on Sep 9, 2026· 71m 54s· 8 players
Game mode
Random Map
Map size
Large (8 player)
Population
200
Speed
Normal
Resources
Standard
Victory
Conquest
Starting age
Dark Age
Ending age
Imperial Age
RankedLock teamsTeams togetherTeam positionsShared explorationLock speedFull tech treeHidden civsTurbo modeCheats
Victory
Defeat
🇹🇼 Goths · Taiwan
788
+22
🇹🇼 Persians · Taiwan
786
+11
🇲🇽 Khmer · Mexico
744
+13
🇨🇳 Italians · China
698
+15
🇦🇷 Franks · Argentina
702
-14
🇨🇳 Teutons · China
674
-12
668
-12
🇺🇸 Cumans · United States
664
-12
mateakd2013
11:20 Feudal Age
15:55 Castle Age
23:34 Double-Bit Axe
33:15 Imperial Age
31:45 Bow Saw
33:34 Husbandry
34:26 Wheelbarrow
33:36 Loom
33:23 Cavalier
34:52 Paladin
35:48 Gold Mining
37:26 Caravan
37:56 Coinage
38:11 Hand Cart
38:07 Scale Barding Armor
38:13 Forging
42:50 Chain Barding Armor
43:25 Chivalry
43:46 Conscription
44:47 Plate Barding Armor
47:51 Iron Casting
47:51 Scale Mail Armor
49:36 Blast Furnace
49:12 Banking
50:37 Chain Mail Armor
49:55 Pikeman
50:36 Squires
50:22 Arson
51:02 Halberdier
52:33 Plate Mail Armor
67:07 Man-at-Arms
67:33 Gambesons
iKalakamalaka
14:36 Feudal Age
16:22 Double-Bit Axe
23:30 Wheelbarrow
23:56 Stone Mining
24:15 Horse Collar
30:27 Castle Age
30:50 Capped Ram
33:16 Hand Cart
32:47 Town Watch
33:07 Fletching
33:22 Scale Barding Armor
34:39 Fervor
35:38 Steppe Husbandry
37:50 Bow Saw
38:57 Bodkin Arrow
39:06 Gold Mining
43:59 Arson
44:14 Squires
43:35 Pikeman
45:33 Caravan
46:30 Murder Holes
46:47 Masonry
49:45 Imperial Age
47:05 Loom
49:39 Ballistics
49:48 Heavy Plow
50:22 Chain Barding Armor
50:13 Forging
51:06 Conscription
52:24 Two-Man Saw
53:11 Iron Casting
52:59 Guilds
54:48 Halberdier
56:23 Hoardings
58:36 Thumb Ring
61:13 Bloodlines
61:30 Parthian Tactics
64:46 Elite Kipchak
不属于这个时代的愚者
11:29 Feudal Age
12:45 Double-Bit Axe
16:59 Castle Age
15:01 Horse Collar
22:29 Bow Saw
24:32 Wheelbarrow
26:19 Gold Mining
29:01 Stone Mining
32:54 Imperial Age
31:22 Husbandry
31:33 Bloodlines
31:47 Hand Cart
31:21 Town Watch
31:22 Loom
31:44 Treadmill Crane
32:13 Heavy Plow
32:21 Town Patrol
33:41 Gold Shaft Mining
33:42 Stone Shaft Mining
34:01 Forging
33:57 Scale Barding Armor
35:03 Heavy Hei Guang Cavalry
38:09 Pikeman
38:37 Arson
38:52 Squires
39:29 Halberdier
40:48 Iron Casting
40:14 Scale Mail Armor
40:35 Chain Barding Armor
39:47 Onager
46:18 Blast Furnace
45:33 Chain Mail Armor
48:23 Ballistics
49:44 Padded Archer Armor
49:35 Fletching
50:21 Conscription
50:04 Tuntian
50:31 Ming Guang Armor
54:19 Elite Tiger Cavalry
58:39 Light Cavalry
64:36 Masonry
64:23 Murder Holes
64:48 Leather Archer Armor
64:28 Bodkin Arrow
紧张不安的人
11:22 Feudal Age
10:08 Loom
16:15 Castle Age
14:45 Man-at-Arms
15:46 Double-Bit Axe
15:43 Horse Collar
16:23 Stone Mining
18:06 Long Swordsman
27:19 Wheelbarrow
31:37 Arson
32:38 Ironclad
33:15 Bow Saw
33:07 Heavy Plow
34:55 Gold Mining
35:40 Stone Shaft Mining
36:53 Hand Cart
43:08 Imperial Age
42:44 Forging
42:34 Scale Mail Armor
44:35 Elite Teutonic Knight
48:01 Onager
48:12 Two-Handed Swordsman
48:38 Gambesons
49:02 Champion
Silver
0:30 Loom
2:20 Loom
10:01 Feudal Age
11:09 Horse Collar
11:25 Double-Bit Axe
16:43 Wheelbarrow
19:38 Castle Age
18:18 Wheelbarrow
17:45 Gold Mining
18:39 Stone Mining
21:41 Stone Shaft Mining
21:45 Gold Shaft Mining
23:43 Bow Saw
23:36 Heavy Plow
31:06 Imperial Age
29:07 Hand Cart
30:52 Arson
30:27 Pikeman
30:28 Man-at-Arms
32:06 Husbandry
32:17 Bloodlines
31:29 Cavalier
33:30 Chemistry
32:51 Ballistics
33:40 Forging
33:39 Scale Barding Armor
34:02 Conscription
34:25 Crop Rotation
34:23 Double Crossbow
34:59 Elite Ballista Elephant
36:37 Iron Casting
37:06 Chain Barding Armor
38:12 Fortified Wall
37:57 Murder Holes
38:14 Masonry
39:09 Blast Furnace
38:52 Plate Barding Armor
40:33 Scale Mail Armor
41:34 Chain Mail Armor
40:42 Halberdier
41:15 Capped Ram
43:01 Light Cavalry
45:20 Hussar
46:24 Onager
47:48 Elite Battle Elephant
48:56 Fervor
60:19 Sanctity
67:02 Caravan
Shredded_Pork
布丁
1:44 Loom
12:50 Feudal Age
12:59 Feudal Age
14:45 Wheelbarrow
17:27 Castle Age
16:20 Double-Bit Axe
19:01 Bow Saw
26:03 Hand Cart
25:42 Horse Collar
45:34 Imperial Age
47:48 Anarchy
48:46 Perfusion
49:54 Chemistry
50:40 Conscription
49:43 Pikeman
50:24 Squires
51:08 Scale Mail Armor
51:18 Forging
52:04 Halberdier
56:08 Two-Man Saw
55:13 Heavy Plow
57:57 Chain Mail Armor
58:19 Iron Casting
57:34 Fletching
63:00 Blast Furnace
吼哩嘎在
10:38 Feudal Age
18:31 Double-Bit Axe
18:28 Horse Collar
18:58 Stone Mining
19:46 Forging
19:41 Scale Barding Armor
21:50 Castle Age
20:40 Bloodlines
23:00 Heavy Plow
23:14 Bow Saw
23:55 Gold Mining
25:21 Husbandry
27:02 Light Cavalry
27:06 Pikeman
27:46 Squires
28:28 Iron Casting
32:52 Chain Barding Armor
35:27 Imperial Age
35:31 Wheelbarrow
36:51 Blast Furnace
35:56 Devotion
36:31 Hand Cart
38:35 Elite War Elephant
44:21 Cavalier
47:55 Kamandaran
48:08 Citadels
48:23 Caravan
48:22 Crossbowman
49:08 Thumb Ring
48:59 Fletching
49:09 Padded Archer Armor
50:13 Chemistry
49:34 Ballistics
49:42 Hussar
51:48 Two-Man Saw
51:21 Crop Rotation
60:37 Halberdier
62:31 Scale Mail Armor
67:39 Arson
Connection lost

Rejoining the realm…

Still unreachable

The connection could not be restored.

Session expired

The server has moved on; the page needs a fresh start.